 Dungeon Crawl Stone Soup version 0.28-a0-664-gc179e30c89 (webtiles) character file.

Game seed: 6038933323619683996

91 willcat the Sneak (level 4, -3/35 HPs)
             Began as a Human Delver on Oct 15, 2021.
             Slain by a water moccasin (9 damage)
             ... on level 6 of the Dungeon.
             The game lasted 00:01:26 (1159 turns).

willcat the Sneak (Human Delver)                    Turns: 1159, Time: 00:01:26

Health: -3/35      AC:  3    Str: 13    XL:     4   Next: 88%
Magic:  4/4        EV: 12    Int: 11    God:
Gold:   128        SH:  0    Dex: 14    Spells: 3/3 levels left

rFire   . . .      SeeInvis .   a - +0 short sword
rCold   . . .      Faith    .   (no shield)
rNeg    . . .      Spirit   .   b - +0 leather armour
rPois   .          Reflect  .   (no helmet)
rElec   .          Harm     .   (no cloak)
rCorr   .          Rampage  .   (no gloves)
Will    .....                   (no boots)
Stlth   +++.......              (no amulet)
HPRegen 0.11/turn               (no ring)
MPRegen 0.09/turn               (no ring)

@: lethally poisoned (-3 -> -21)
A: no striking features
a: no special abilities


You were on level 6 of the Dungeon.
You visited 1 branch of the dungeon, and saw 2 of its levels.

You collected 128 gold pieces.

Inventory:

Hand Weapons
 a - a +0 short sword (weapon)
Armour
 b - a +0 leather armour (worn)
Wands
 g - a wand of digging (3)
Scrolls
 c - a scroll of fog
 d - a scroll of magic mapping
Potions
 f - a potion of resistance {unknown}


   Skills:
 - Level 3.0 Fighting
 + Level 3.1 Short Blades
 + Level 3.1 Dodging
 + Level 5.7 Stealth


You had 3 spell levels left.
You didn't know any spells.
Your spell library was empty.

Dungeon Overview and Level Annotations

Branches:
Dungeon (6/15)
 Temple: D:4-7

Altars:
Hepliaklqana
Yredelemnul

Annotations:
D:5 Pikel


Message History

You miss the water moccasin.
The water moccasin is severely wounded.
The water moccasin bites you. x2
You hit the water moccasin but do no damage.
The water moccasin is severely wounded.
The water moccasin misses you.
Unknown command.
You hit the water moccasin but do no damage.
The water moccasin is severely wounded.
The water moccasin barely misses you.
Unknown command.
You barely miss the water moccasin.
The water moccasin is severely wounded.
The water moccasin bites you but does no damage.
Unknown command.
You closely miss the water moccasin.
The water moccasin is severely wounded.
The water moccasin misses you.
Unknown command.
You hit the water moccasin but do no damage.
The water moccasin is severely wounded.
The water moccasin bites you but does no damage.
The water moccasin closely misses you.
Unknown command.
You hit the water moccasin.
The water moccasin is severely wounded.
The water moccasin misses you.
Unknown command.
You barely miss the water moccasin.
The water moccasin is severely wounded.
The water moccasin bites you!
* * * LOW HITPOINT WARNING * * *
Unknown command.
You hit the water moccasin.
The water moccasin is almost dead.
The water moccasin bites you.
* * * LOW HITPOINT WARNING * * *
You are lethally poisoned!
The water moccasin poisons you! The water moccasin bites you!
You die...

###..........[.##♣
##................♣
##...............#..♣
##................####
#.................#
#.................#
##..........>.....#
##........##....?#
###.....####@...#
##...## #S...# #####
##...# #...# #..# ..#
... #..#


You could see a water moccasin.

Vanquished Creatures
  2 hounds
  A bullfrog skeleton (D:6)
  2 orcs (D:6)
5 creatures vanquished.

Notes
Turn   | Place    | Note
-------+----------+-------------------------------------------
     0 | D:5      | willcat the Human Delver began the quest for the Orb.
     0 | D:5      | Reached XP level 1. HP: 18/18 MP: 1/1
    23 | D:5      | Found a basalt altar of Yredelemnul.
    62 | D:5      | Noticed a lemure
    63 | D:5      | Noticed a lemure
    63 | D:5      | Noticed a hound
    68 | D:5      | Noticed a lemure
    69 | D:5      | Noticed Pikel
    69 | D:5      | Noticed a lemure
    91 | D:5      | Killed a hound
    92 | D:5      | Reached XP level 2. HP: 9/24 MP: 2/2
    92 | D:5      | Reached XP level 3. HP: 11/29 MP: 3/3
   422 | D:6      | Reached XP level 4. HP: 15/35 MP: 4/4
   684 | D:6      | Noticed a water moccasin
   896 | D:6      | Found a hazy altar of Hepliaklqana.
   908 | D:6      | Noticed a water moccasin
  1159 | D:6      | Slain by a water moccasin

Illustrated notes

Levels and vault maps discovered:
D:5:      layout_basic, amcnicky_altar_gilded, mainiacjoe_overflow_chevrons,
          uniq_crazy_yiuf_cottage, uniq_grinder, uniq_pikel
D:6:      layout_cave_pods, mainiacjoe_overflow_paths

Skill      XL: |  1  2  3  4 |
---------------+-------------+-----
Short Blades   | 3 |  3.1
Dodging        | 3 |  3.1
Fighting       | |  3.0
Stealth        | |  5.7

Action                   |  1- 3 |  4- 6 || total
-------------------------+-------+-------++-------
Melee: Short sword       |    26 |    47 ||    73
  Use: Potion            |     1 |       ||     1
       Scroll            |       |     1 ||     1
 Stab: Sleeping          |     1 |     1 ||     2
Armor: Leather armour    |     5 |     8 ||    13
Dodge: Dodged            |    23 |    29 ||    52

Table legend: (Time is in decaauts)
 A = Elapsed time spent in this place.
 B = Non-inter-level travel time spent in this place.
 C = Inter-level travel time spent in this place.
 D = Time resting spent in this place.
 E = Time spent auto-exploring this place.
 F = Levels seen in this place.
 G = Mean time per level.
                   A        B        C        D        E       F      G
               +--------+--------+--------+--------+--------+-----+--------+
         Total |   1137 |   1137 |      0 |    733 |    177 |   2 |  568.5 |
       Dungeon |   1137 |   1137 |      0 |    733 |    177 |   2 |  568.5 |
               +--------+--------+--------+--------+--------+-----+--------+

Top non-repeatable levels by time:
     D:6: 1045 daAuts
     D:5: 92 daAuts
